Map: Ley Lines

Players

BabyMarine

  • Race: Terran Terran
  • Spawn Location: 7:00

Mixu - Winner!

  • Race: Zerg Zerg
  • League: Master
  • Spawn Location: 1:00

Event: HomeStory Cup XXVII

VOD

Have the link to the VOD?

Description

Time

  • Played on: June 27, 2025, 12:44 p.m.
  • Length: 13:45

All games in this series

Show
View Real Time Build Order
Export as new Build Order

BabyMarine Terran 

Build Orders: Reaper Expand, Hellion Banshee 

Get SALT Encoding   

  12  0:00  SCV  
  13  0:12  SCV  
  14  0:16  Supply Depot  
  14  0:24  SCV  
  15  0:38  SCV  
  15  0:40  Barracks  
  16  0:44  Refinery  
  16  0:50  SCV  
  17  1:02  SCV  
  18  1:14  SCV  
  19  1:28  Orbital Command, Reaper  
  20  1:39  Command Center  
  20  1:47  Supply Depot  
  20  1:53  SCV  
  21  2:00  Marine  
  22  2:06  SCV  
  23  2:10  Factory  
  23  2:18  SCV  
  24  2:23  Barracks Reactor  
  24  2:30  SCV  
  25  2:38  Command Center  
  25  2:43  SCV  
  26  3:01  Orbital Command, Starport  
  26  3:02  SCV  
  27  3:06  Refinery  
  29  3:13  Hellion  
  29  3:17  Hellion  
  29  3:19  SCV  
  32  3:22  Barracks Tech Lab  
  32  3:26  SCV  
  35  3:34  Hellion  
  35  3:36  SCV  
  35  3:38  Hellion  
  38  3:42  SCV  
  38  3:44  Banshee  
  42  3:50  Orbital Command  
  42  3:51  SCV  
  43  3:56  Cloaking Field  
  43  3:59  Hellion  
  43  4:01  SCV  
  46  4:03  Hellion  
  46  4:07  Barracks Tech Lab  
  48  4:11  SCV  
  48  4:13  SCV  
  48  4:14  Supply Depot  
  50  4:19  SCV  
  50  4:20  Hellion  
  50  4:23  SCV  
  54  4:26  Hellion  
  54  4:30  SCV  
  57  4:31  Banshee  
  57  4:32  SCV  
  57  4:36  SCV  
  57  4:38  Supply Depot  
  62  4:43  SCV  
  62  4:44  SCV  
  41  4:45  Stimpack  
  64  4:51  Barracks  
  64  4:53  Orbital Command, Barracks  
  64  4:55  Marine  
  64  4:56  SCV x2  
  64  4:59  Factory Reactor  
  67  5:04  Supply Depot  
  67  5:07  Refinery, Supply Depot  
  67  5:08  SCV  
  67  5:10  SCV  
  67  5:13  Marine  
  69  5:20  SCV  
  70  5:22  SCV  
  70  5:23  Engineering Bay x2, SCV  
  70  5:25  Refinery  
  72  5:29  Starport Reactor  
  72  5:31  Marine  
  72  5:32  SCV  
  72  5:34  SCV  
  72  5:35  SCV  
  76  5:45  Marine x2  
  76  5:46  Barracks x2  
  76  5:47  SCV x2  
  76  5:48  Marine  
  81  5:52  Marine x2  
  81  5:53  Siege Tank  
  81  5:54  SCV  
  87  5:58  Supply Depot, Terran Infantry Armor Level 1  
  87  5:59  Supply Depot  
  87  6:02  Marine, Terran Infantry Weapons Level 1  
  86  6:04  SCV  
  86  6:06  Marine  
  86  6:08  Marine  
  86  6:09  Marine, Medivac  
  88  6:11  Medivac  
  88  6:12  SCV x2  
  88  6:16  Marine  
  93  6:20  Marine  
  93  6:24  Marine  
  95  6:26  Marine  
  95  6:27  Marine, Siege Tank  
  95  6:30  SCV x2  
  102  6:34  Marine, SCV  
  102  6:37  Supply Depot  
  101  6:40  Supply Depot  
  101  6:41  Barracks Reactor  
  101  6:42  SCV, Barracks Reactor  
  101  6:45  Refinery, Marine x2, SCV  
  101  6:46  SCV  
  106  6:52  Marine x2, Combat Shield  
  106  6:53  Marine  
  109  6:59  SCV x2  
  109  7:00  SCV, Armory  
  112  7:02  Medivac  
  114  7:11  SCV  
  114  7:12  Marine x5  
  114  7:15  Refinery, Siege Tank  
  123  7:19  Marine  
  123  7:20  Supply Depot, Marine x3  
  127  7:26  SCV  
  127  7:29  Marine  
  126  7:30  Marine x2  
  126  7:31  SCV x2  
  126  7:35  Marine x2  
  126  7:36  Medivac  
  126  7:37  Marine, Medivac  
  133  7:38  Marine  
  133  7:42  SCV  
  133  7:43  SCV  
  133  7:44  SCV  
  136  7:46  Marine x2  
  136  7:47  Marine  
  136  7:49  Marine x2  
  136  7:51  Siege Tank  
  133  7:54  SCV  
  133  7:55  SCV  
  133  7:58  SCV  
  136  8:05  Marine  
  119  8:07  SCV x2  
  119  8:10  Marine x3, SCV  
  114  8:27  Terran Infantry Weapons Level 2  
  114  8:28  Terran Infantry Armor Level 2  
  114  8:32  Supply Depot  
  114  8:41  SCV  
  93  8:42  Marine x3  
  93  8:44  Marine x3, SCV  
  93  8:53  Supply Depot  
  93  8:54  Supply Depot, Marine x3, SCV x2  
  98  8:56  SCV  
  98  8:59  Marine x2  
  98  9:02  Supply Depot  
  101  9:03  Supply Depot  
  101  9:10  Supply Depot  
  101  9:11  Marine  
  101  9:15  Marine x5, SCV x3, Siege Tank  
  112  9:21  Marine x2  
  112  9:22  Marine  
  115  9:26  Factory  
  115  9:27  SCV x3  
  115  9:29  Marine  
  119  9:33  Marine x2  
  119  9:34  Marine x3  
  124  9:39  Marine x2  
  124  9:40  SCV x2  
  124  9:41  Marine  
  129  9:47  Marine  
  129  9:51  Command Center  
  131  9:52  SCV  
  131  9:53  SCV x2  
  133  10:04  Marine x5, Siege Tank  
  141  10:09  Terran Vehicle Weapons Level 1  
  141  10:12  Factory Tech Lab  
  141  10:14  Supply Depot  
  141  10:15  Marine, SCV x2, Medivac x2  
  141  10:16  Supply Depot  
  148  10:22  Marine  
  149  10:30  Sensor Tower  
  149  10:35  Marine x5  
  149  10:36  SCV  
  149  10:41  Siege Tank  
  149  10:42  Siege Tank  
  152  10:51  Marine  
  152  10:52  SCV  
  154  11:01  Marine x5  
  154  11:02  Barracks  
  154  11:03  Marauder, Barracks  
  161  11:04  Barracks  
  159  11:23  SCV x2  
  161  11:27  SCV  
  161  11:30  Marine, Siege Tank  
  161  11:31  Marine x5  
  161  11:32  Marine x2  
  173  11:35  SCV x2  
  174  11:46  SCV  
  173  11:47  SCV  
  173  11:50  Marine x4  
  173  11:53  Marine x2  
  160  11:59  Marine, SCV  
  150  12:03  Marine  
  150  12:04  Marauder  
  150  12:07  SCV x2  
  150  12:08  Marine x2  
  148  12:10  Factory Tech Lab  
  146  12:17  Marine  
  146  12:19  Marine  
  148  12:24  Marine x2  
  148  12:25  Siege Tank  
  148  12:28  Marine x2  
  147  12:30  Marine  
  147  12:31  Marine  
  147  12:32  Marauder  
  147  12:35  Marine, SCV  
  148  12:41  Marine, Planetary Fortress  
  148  12:42  Supply Depot  
  148  12:43  Supply Depot, SCV  
  148  12:44  Supply Depot  
  148  12:46  SCV  
  148  12:58  Sensor Tower  
  148  13:02  Supply Depot  
  148  13:03  Siege Tank  
  148  13:04  Supply Depot  
  148  13:05  Supply Depot  
  151  13:10  Marine x3  
  151  13:11  Marauder, SCV  
  155  13:13  Marine x2  
  160  13:24  SCV  
  159  13:27  SCV  
  159  13:28  SCV  
Show
View Real Time Build Order
Export as new Build Order

Mixu Zerg - Winner!

Build Orders: Hatch First, Lurkers 

Get SALT Encoding   

  12  0:00  Drone  
  13  0:08  Drone  
  14  0:15  Drone, Extractor  
  15  0:21  Overlord  
  15  0:40  Drone  
  16  0:45  Hatchery  
  16  0:49  Drone  
  16  0:52  Drone  
  16  0:56  Drone  
  18  1:08  Extractor  
  17  1:11  Spawning Pool  
  17  1:14  Drone  
  17  1:17  Drone  
  18  1:26  Drone  
  19  1:37  Drone  
  20  1:49  Overlord  
  20  1:58  Queen x2  
  20  1:59  Zergling x4  
  26  2:08  Drone  
  26  2:10  Drone  
  28  2:19  Drone  
  29  2:23  Extractor  
  29  2:28  Drone  
  28  2:32  Drone x2  
  28  2:33  Queen  
  32  2:43  Extractor  
  32  2:45  Drone  
  32  2:47  Hatchery  
  32  2:50  Drone  
  34  2:53  Metabolic Boost  
  34  2:57  Overlord  
  34  3:07  Overlord  
  34  3:18  Drone x2  
  34  3:19  Overlord  
  36  3:25  Drone x4  
  36  3:26  Queen  
  40  3:28  Drone  
  43  3:35  Drone  
  43  3:37  Overlord  
  43  3:38  Drone x2  
  46  3:42  Zergling x8  
  46  3:48  Overlord  
  50  3:54  Drone  
  51  3:59  Drone x2, Queen  
  54  4:03  Drone  
  54  4:06  Queen  
  59  4:10  Drone x4  
  59  4:12  Drone  
  62  4:21  Drone x6  
  69  4:32  Drone x3  
  69  4:38  Hatchery  
  71  4:40  Lair  
  71  4:41  Overlord  
  71  4:42  Drone x2  
  71  4:46  Drone x2  
  71  4:47  Extractor  
  71  4:48  Overlord  
  71  4:50  Drone x2  
  74  4:57  Overlord  
  74  5:00  Extractor  
  74  5:01  Spore Crawler  
  74  5:02  Baneling Nest, Spore Crawler x2  
  74  5:03  Drone x3  
  74  5:05  Drone x2  
  74  5:11  Zergling x6  
  80  5:14  Zergling x10  
  80  5:18  Zergling x8  
  83  5:25  Drone x2  
  83  5:26  Evolution Chamber x2  
  83  5:27  Drone, Extractor x2  
  82  5:33  Drone x2  
  84  5:38  Overseer  
  84  5:39  Drone  
  84  5:42  Hatchery  
  84  5:44  Drone x2  
  84  5:49  Queen  
  88  5:50  Drone x5  
  88  5:51  Baneling x3  
  88  5:55  Drone x2, Centrifugal Hooks  
  88  5:56  Drone  
  96  6:01  Zergling x8  
  94  6:05  Zergling x6  
  94  6:09  Drone  
  96  6:13  Zerg Melee Weapons Level 1, Zerg Ground Armor Level 1  
  96  6:14  Overlord  
  96  6:16  Zergling x4  
  98  6:20  Overlord  
  98  6:25  Zergling x12  
  101  6:31  Overlord  
  101  6:35  Zergling x6  
  101  6:36  Zergling x12  
  101  6:38  Baneling x5  
  110  6:43  Overlord  
  110  6:44  Overlord  
  110  6:45  Drone x2  
  112  6:47  Zergling x4, Hydralisk Den  
  112  6:51  Zergling x4  
  112  6:53  Zergling x8  
  119  7:01  Zergling x8  
  123  7:04  Zergling x2  
  123  7:07  Zergling x2  
  123  7:10  Baneling x4  
  123  7:12  Drone x3  
  123  7:14  Overlord  
  126  7:16  Zergling x14  
  126  7:18  Baneling x7  
  126  7:19  Zergling x2  
  126  7:22  Zergling x6  
  137  7:23  Baneling x6  
  135  7:31  Zergling x12  
  135  7:33  Hydralisk x2, Muscular Augments  
  141  7:37  Zergling x2  
  141  7:42  Zergling x8  
  143  7:47  Zergling x12  
  143  7:50  Zergling x6  
  146  7:52  Baneling x6  
  146  7:55  Zergling x10  
  146  8:00  Zergling x4  
  146  8:05  Zergling x4  
  144  8:08  Zergling x4  
  141  8:13  Zergling x6  
  141  8:16  Zergling x4  
  145  8:20  Overlord x7  
  139  8:27  Zerg Melee Weapons Level 2, Zerg Ground Armor Level 2  
  139  8:29  Infestation Pit  
  139  8:31  Overlord  
  139  8:32  Burrow, Lurker Den  
  133  8:34  Zergling x4, Extractor  
  133  8:35  Zergling x4  
  133  8:38  Zergling x2  
  114  8:46  Zergling x10  
  114  8:48  Zergling x8  
  114  8:51  Drone x2  
  114  8:53  Baneling x14  
  116  8:58  Zergling x8  
  116  9:01  Hatchery  
  119  9:04  Hydralisk x3  
  119  9:07  Zergling x8  
  129  9:11  Hive  
  129  9:12  Zergling x2  
  129  9:16  Hydralisk  
  129  9:17  Hydralisk  
  129  9:20  Hydralisk x2  
  129  9:22  Hydralisk  
  139  9:26  Hydralisk x2  
  143  9:33  Hydralisk x2  
  143  9:34  Zergling x8  
  143  9:37  Zergling x8  
  155  9:39  Hydralisk  
  155  9:42  Hydralisk x2  
  161  9:46  Zergling x6  
  161  9:50  Extractor x2  
  161  9:51  Drone x4  
  166  10:01  Lurker x3, Drone x4  
  166  10:02  Drone  
  166  10:05  Drone x2  
  176  10:08  Hydralisk x3  
  182  10:14  Lurker  
  182  10:15  Drone x2  
  182  10:16  Drone x3  
  182  10:19  Zergling x4  
  190  10:25  Hydralisk x3  
  192  10:30  Hydralisk x3  
  192  10:32  Zergling x6  
  192  10:34  Zergling x2  
  190  10:38  Seismic Spines  
  190  10:39  Zergling x2  
  191  10:46  Drone x4  
  181  10:56  Hydralisk x8  
  194  11:01  Zergling x8  
  196  11:07  Adrenal Glands  
  196  11:13  Hydralisk x2  
  200  11:25  Hatchery  
  199  11:29  Zerg Missile Weapons Level 1  
  199  11:31  Zergling x2  
  200  11:37  Viper  
  196  11:41  Zergling x8  
  189  11:51  Zergling x48  
  189  11:54  Zergling x4  
  181  12:00  Zergling x8  
  166  12:03  Hydralisk x4  
  166  12:08  Zergling x10  
  158  12:11  Baneling x12  
  158  12:13  Zergling x6  
  155  12:16  Hydralisk x2  
  155  12:22  Zergling x6  
  160  12:25  Hydralisk  
  160  12:29  Hydralisk x4  
  161  12:31  Zergling x6  
  153  12:38  Hydralisk x3  
  153  12:41  Zergling x6  
  161  12:45  Hydralisk x2  
  161  12:49  Lurker x3  
  161  12:51  Infestor  
  162  12:53  Zergling x8  
  162  12:54  Baneling x4  
  168  12:59  Zergling x12  
  168  13:01  Drone x2  
  168  13:04  Lurker x2  
  178  13:10  Zergling x14  
  181  13:14  Zergling x8  
  181  13:16  Lurker x2  
Tags
 
Add a new tag
Caveats
  • Supply blocks, unpowered buildings, or Contaminate may cause inaccurate times.
  • Supply counts are checked every 10 seconds.